Map: Incorporeal LE

Players

Rogue

  • Race: Zerg Zerg
  • Spawn Location: 11:00

Cure - Winner!

  • Race: Terran Terran
  • Spawn Location: 5:00

Event: Esports World Cup 2025

VOD

Have the link to the VOD?

Description

Time

  • Played on: July 24, 2025, 6:56 a.m.
  • Length: 10:35

All games in this series

Show
View Real Time Build Order
Export as new Build Order

Rogue Zerg 

Build Orders: Hatch First 

Get SALT Encoding   

  12  0:00  Drone  
  13  0:07  Drone  
  14  0:14  Extractor  
  14  0:15  Drone  
  15  0:34  Hatchery  
  14  0:39  Extractor  
  14  0:40  Drone  
  15  0:45  Overlord  
  15  1:01  Spawning Pool  
  15  1:03  Drone  
  15  1:07  Drone  
  15  1:11  Drone  
  17  1:15  Drone  
  18  1:26  Drone  
  19  1:38  Drone  
  20  1:47  Drone x2  
  20  1:48  Queen  
  20  1:49  Queen  
  26  1:58  Overlord  
  26  1:59  Drone  
  27  2:09  Drone  
  28  2:18  Drone, Hatchery  
  28  2:19  Drone  
  28  2:21  Drone  
  30  2:27  Spore Crawler  
  30  2:30  Queen  
  30  2:34  Overlord  
  30  2:37  Drone  
  33  2:40  Drone x2  
  35  2:51  Drone x2, Extractor  
  36  3:01  Drone x2  
  36  3:02  Drone, Overlord  
  36  3:04  Drone x2  
  41  3:05  Drone  
  41  3:07  Drone  
  43  3:13  Drone  
  44  3:21  Queen  
  44  3:24  Roach Warren  
  45  3:32  Extractor, Queen  
  45  3:33  Overlord  
  46  3:35  Drone x4  
  46  3:41  Evolution Chamber  
  49  3:43  Drone  
  49  3:44  Drone x3  
  49  3:47  Overlord  
  53  3:51  Drone x2  
  53  3:52  Drone  
  56  4:01  Evolution Chamber  
  55  4:04  Roach  
  55  4:05  Roach  
  55  4:06  Roach x3  
  65  4:11  Drone x2  
  65  4:15  Drone x3  
  70  4:18  Overlord  
  70  4:20  Overlord  
  70  4:26  Lair  
  70  4:28  Overlord  
  70  4:30  Drone  
  71  4:34  Overlord  
  71  4:36  Overlord  
  71  4:41  Drone x5  
  71  4:44  Drone x2  
  71  4:45  Drone  
  79  4:47  Drone x2  
  79  4:49  Drone  
  79  4:50  Drone x2  
  84  4:54  Drone  
  85  5:00  Drone  
  85  5:02  Extractor x2  
  85  5:03  Spore Crawler  
  85  5:05  Extractor, Spore Crawler x2  
  85  5:06  Extractor  
  79  5:07  Drone x3  
  79  5:08  Drone x2  
  79  5:12  Drone x2  
  86  5:14  Overlord  
  86  5:21  Zerg Ground Armor Level 1  
  86  5:22  Drone x2, Zerg Missile Weapons Level 1  
  86  5:23  Drone  
  86  5:24  Overseer  
  86  5:25  Drone  
  90  5:33  Evolution Chamber  
  86  5:36  Hatchery  
  86  5:38  Drone x2  
  86  5:41  Drone x2  
  86  5:42  Drone  
  87  5:43  Glial Reconstitution  
  87  5:48  Infestation Pit  
  87  5:49  Drone x4  
  90  5:50  Drone  
  90  5:51  Drone  
  90  5:53  Drone x2  
  90  5:54  Drone  
  90  5:56  Drone  
  96  6:00  Drone  
  96  6:01  Hydralisk Den  
  96  6:03  Metabolic Boost  
  96  6:07  Roach x3  
  96  6:10  Roach x2  
  106  6:12  Roach  
  108  6:19  Overlord x2  
  108  6:21  Roach x3  
  108  6:24  Overlord  
  114  6:27  Hive  
  114  6:34  Burrow  
  114  6:36  Overlord x3  
  114  6:38  Overlord  
  114  6:40  Overlord  
  114  6:41  Overlord  
  114  6:44  Roach x2  
  118  6:49  Overlord  
  118  6:53  Roach x4  
  118  6:54  Roach  
  128  7:02  Tunneling Claws  
  128  7:03  Nydus Network  
  128  7:04  Roach x4  
  135  7:10  Roach x4  
  135  7:13  Overlord  
  143  7:18  Roach x4  
  143  7:19  Roach  
  153  7:25  Roach x4  
  161  7:30  Roach x16  
  161  7:31  Roach x3  
  165  7:40  Roach x7  
  173  7:45  Nydus Canal  
  173  7:50  Roach  
  173  7:51  Roach x4  
  183  7:52  Overlord  
  183  7:56  Overlord  
  179  8:00  Roach x3  
  179  8:01  Roach x3  
  179  8:04  Nydus Canal  
  179  8:06  Overlord  
  179  8:07  Overlord  
  179  8:10  Overlord  
  179  8:11  Overlord  
  177  8:13  Overlord, Roach  
  177  8:14  Overlord  
  177  8:16  Zerg Missile Weapons Level 2  
  177  8:18  Drone x2  
  167  8:21  Drone  
  167  8:23  Drone  
  167  8:24  Drone  
  167  8:26  Extractor x2  
  150  8:33  Hydralisk x5  
  146  8:34  Hydralisk  
  154  8:42  Hydralisk x4  
  154  8:44  Grooved Spines  
  154  8:47  Roach  
  164  8:49  Roach x2  
  164  8:51  Roach x2  
  172  9:01  Zergling x2  
  172  9:02  Zergling x8  
  175  9:03  Zergling x2  
  175  9:05  Zergling x2, Hatchery  
  175  9:06  Zergling x2  
  175  9:09  Viper x2  
  183  9:12  Roach x2  
  183  9:16  Zergling x14  
  187  9:17  Zergling x2  
  187  9:20  Zergling x4  
  185  9:30  Hydralisk x4  
  185  9:31  Lurker Den  
  182  9:32  Zergling x2  
  182  9:37  Zergling x2, Overseer  
  184  9:44  Hydralisk x5  
  188  9:46  Zergling x2, Roach  
  188  9:49  Zergling x4  
  188  9:50  Zergling x2  
  185  9:59  Hydralisk x4  
  182  10:00  Hydralisk  
  182  10:02  Hydralisk  
  182  10:06  Hydralisk x2  
  182  10:08  Overlord  
  182  10:10  Overlord  
Show
View Real Time Build Order
Export as new Build Order

Cure Terran - Winner!

Build Orders: 2 Factory, Reaper Expand 

Get SALT Encoding   

  12  0:00  SCV  
  13  0:12  SCV  
  14  0:16  Supply Depot  
  14  0:24  SCV  
  15  0:38  Barracks, SCV  
  15  0:42  Refinery  
  16  0:50  SCV  
  17  1:02  SCV  
  18  1:14  SCV  
  19  1:25  Reaper  
  19  1:26  Orbital Command  
  20  1:38  Command Center  
  20  1:44  Supply Depot  
  20  1:52  SCV  
  21  1:57  Marine  
  22  2:04  SCV  
  22  2:07  Factory  
  23  2:15  Marine  
  23  2:16  SCV  
  25  2:28  SCV  
  26  2:33  Barracks Reactor  
  26  2:40  SCV  
  26  2:41  Command Center  
  29  2:52  Orbital Command  
  29  2:53  SCV  
  28  3:03  Refinery  
  28  3:05  SCV  
  29  3:14  Hellion x2  
  29  3:17  Factory  
  29  3:18  SCV x2  
  29  3:19  Marine  
  36  3:30  SCV x2  
  38  3:37  Factory  
  38  3:39  Hellion x2  
  42  3:42  SCV  
  42  3:43  SCV  
  42  3:45  Barracks Tech Lab  
  44  3:54  Orbital Command  
  44  3:55  SCV x2  
  46  4:01  Factory Tech Lab  
  46  4:04  Hellion x2  
  46  4:07  SCV x2  
  52  4:12  Refinery  
  52  4:13  Refinery  
  52  4:18  Orbital Command  
  52  4:22  Supply Depot  
  52  4:23  Cyclone, Mag-Field Accelerator  
  55  4:26  SCV x2  
  57  4:32  Widow Mine  
  57  4:38  SCV  
  60  4:43  SCV  
  60  4:44  Hellion, SCV  
  60  4:45  Supply Depot  
  64  4:47  Cyclone  
  64  4:50  SCV  
  69  5:00  SCV  
  69  5:02  Supply Depot  
  69  5:03  Supply Depot  
  72  5:07  Hellion, SCV  
  72  5:08  Barracks Tech Lab  
  72  5:10  Factory  
  72  5:12  Factory, SCV x2  
  74  5:19  SCV  
  75  5:24  SCV x2  
  75  5:25  Refinery x2  
  75  5:26  Supply Depot  
  75  5:28  Supply Depot  
  77  5:29  Cyclone  
  77  5:31  SCV  
  79  5:37  SCV x2  
  79  5:39  Cyclone  
  80  5:43  Hellion, SCV  
  80  5:49  Armory  
  83  5:51  SCV x2  
  83  5:55  SCV  
  86  5:58  Supply Depot  
  86  5:59  Factory Reactor, Barracks Tech Lab  
  86  6:03  Cyclone  
  89  6:07  Cyclone  
  89  6:11  Infernal Pre-Igniter  
  92  6:12  Cyclone  
  92  6:16  SCV x3  
  98  6:20  Supply Depot  
  98  6:24  Hellion  
  100  6:28  SCV  
  100  6:29  Supply Depot, SCV  
  100  6:30  Supply Depot  
  102  6:35  Cyclone  
  102  6:36  Hellion  
  102  6:39  Cyclone  
  110  6:43  SCV  
  110  6:44  Cyclone  
  110  6:45  SCV x2  
  116  6:51  Terran Vehicle And Ship Armor Level 1  
  116  6:53  Starport  
  116  6:55  SCV  
  116  6:57  SCV  
  116  6:58  Supply Depot  
  116  6:59  Supply Depot  
  118  7:03  Engineering Bay  
  118  7:07  Cyclone  
  121  7:11  Cyclone  
  121  7:13  SCV x3  
  127  7:17  Supply Depot  
  127  7:20  Cyclone, Hellion  
  127  7:21  Hellion  
  133  7:31  Command Center  
  133  7:35  Raven  
  133  7:42  Cyclone  
  133  7:43  Hellion, Cyclone  
  138  7:52  Cyclone  
  136  8:12  Hellion  
  136  8:13  Hellion  
  136  8:15  Cyclone x2, Orbital Command  
  134  8:24  Cyclone  
  132  8:29  SCV x2  
  132  8:32  Hellion x2  
  132  8:33  Hellion, Raven  
  139  8:45  Hellion, Planetary Fortress  
  139  8:46  SCV x3  
  139  8:47  Cyclone x2  
  150  8:56  Cyclone  
  150  8:59  Factory  
  153  9:03  Hellion x3  
  153  9:06  Missile Turret  
  159  9:12  Supply Depot  
  159  9:13  Supply Depot  
  159  9:14  Supply Depot  
  159  9:16  SCV x3  
  161  9:18  Missile Turret  
  161  9:23  Cyclone  
  162  9:29  Hellion  
  164  9:34  Cyclone x2  
  164  9:36  SCV x2  
  164  9:37  SCV x2  
  173  9:44  Hellion  
  175  9:47  Factory Tech Lab  
  175  9:55  Cyclone  
  175  9:56  Hellion  
  174  10:11  Hellion  
  132  10:21  SCV  
  132  10:22  SCV  
Tags
 
Add a new tag
Caveats
  • Supply blocks, unpowered buildings, or Contaminate may cause inaccurate times.
  • Supply counts are checked every 10 seconds.